 Dungeon Crawl Stone Soup version 0.32-a0-666-ge8a88695a4 (webtiles) character file.

Game seed: 12093368957516230826

98 Malificent the Carver (level 4, -1/41 HPs)
             Began as a Gnoll Wanderer on Mar 10, 2024.
             Was a Believer of Qazlal.
             Killed by divine providence
             ... invoked by an orc priest
              (9 damage)
             ... on level 4 of the Dungeon.
             The game lasted 00:07:53 (2982 turns).

Malificent the Carver (Gnoll Wanderer)              Turns: 2982, Time: 00:07:53

Health: -1/41      AC:  2    Str: 13    XL:     4   Next: 71%
Magic:  5/5        EV: 11    Int: 11    God:    Qazlal [**....]
Gold:   132        SH:  2    Dex: 18    Spells: 5/5 levels left

rFire   . . .        a - +1 long sword
rCold   . . .        (no shield)
rNeg    . . .        d - +1 leather armour
rPois   .            (no helmet)
rElec   .            (no cloak)
rCorr   .            (no gloves)
SInv    .            (no boots)
Will    .....        (no amulet)
Stlth   ++           e - ring of flight
HPRegen 0.26/turn    m - +6 ring of dexterity
MPRegen 0.09/turn

%: clarity
@: flying
A: fangs 1, strong nose, distributed training, clarity, deformed body
a: Renounce Religion, Upheaval


You were on level 4 of the Dungeon.
You worshipped Qazlal.
Qazlal was pleased with you.
You visited 1 branch of the dungeon, and saw 4 of its levels.

You collected 132 gold pieces.

Inventory:

Hand Weapons
 a - a +1 long sword (weapon)
 b - a +0 mace
 g - a +2 short sword of electrocution
Armour
 d - a +1 leather armour (worn)
 j - a +1 leather armour of poison resistance
Jewellery
 e - a ring of flight (left hand)
 m - a +6 ring of dexterity (right hand)
 n - an amulet of magic regeneration
Wands
 p - a wand of flame (12)
Scrolls
 i - 3 scrolls of identify
Potions
 c - a potion of curing
 f - 2 potions of attraction {unknown}
 h - a potion of heal wounds


   Skills:
 + Level 6.6 Fighting
 + Level 1.2 Short Blades
 + Level 8.6 Long Blades
 + Level 1.2 Axes
 + Level 2.8 Maces & Flails
 + Level 1.2 Polearms
 + Level 1.2 Staves
 + Level 1.2 Ranged Weapons
 + Level 1.2 Throwing
 + Level 2.8 Armour
 + Level 1.2 Dodging
 + Level 1.2 Stealth
 + Level 1.2 Shields
 + Level 1.2 Unarmed Combat
 + Level 1.2 Spellcasting
 + Level 1.0 Conjurations
 + Level 1.0 Hexes
 + Level 1.0 Summonings
 + Level 1.0 Necromancy
 + Level 1.0 Translocations
 + Level 1.0 Fire Magic
 + Level 1.0 Ice Magic
 + Level 1.0 Air Magic
 + Level 1.0 Earth Magic
 + Level 1.0 Alchemy
 + Level 1.4 Invocations
 + Level 2.8 Evocations
 + Level 1.1 Shapeshifting


You had 5 spell levels left.
You didn't know any spells.
Your spell library contained the following spells:

 Spells                   Type           Power      Damage    Failure   Level
 Shock                    Conj/Air       12%        1d3       26%         1
 Lesser Beckoning         Tloc           6%         N/A       36%         2
 Call Canine Familiar     Summ           3%         N/A       61%         3
 Gell's Gravitas          Tloc           3%         N/A       61%         3
 Sigil of Binding         Hex            3%         N/A       61%         3
 Teleport Other           Tloc           3%         N/A       61%         3
 Dimensional Bullseye     Hex/Tloc       1%         N/A       95%         4


Dungeon Overview and Level Annotations

Branches:
Dungeon (4/15)
 Temple: D:4-7

Altars:
Qazlal

Shops:
D:1 (==   D:2 [   D:3 (


Innate Abilities, Weirdness & Mutations

You have very sharp teeth.
Your uncanny sense of smell can sniff out nearby items.
Your experience applies equally to all skills.
You possess an exceptional clarity of mind.
Armour fits poorly on your strangely shaped body.


Message History

You slash the orc!
You kill the orc!
Qazlal accepts your kill.
An adder comes into view.
Things that are here:
a +0 dagger; a +1 leather armour of poison resistance; an orc corpse
j - a +1 leather armour of poison resistance The adder hisses angrily.
Okay, then.
Okay, then.
An orc comes into view. It is wielding a +0 whip.
The orc shouts!
The orc priest miscasts a cantrip.
A ball python comes into view.
The orc priest hits you with a +0 whip.
The orc priest mumbles some strange prayers to Beogh against you.
Beogh smites you! The orc hits you with a +0 short sword.
The orc attacks as it pursues you! The orc hits you with a +0 short sword.
The orc hits you with a +0 whip. The orc attacks as it pursues you!
The orc hits you with a +0 whip.
You hit the orc.
The orc is moderately wounded.
Okay, then.
You slash the orc!
You kill the orc!
Qazlal accepts your kill. The adder closely misses you.
The adder attacks as it pursues you! The adder bites you.
You barely miss the adder.
The orc priest mumbles some strange prayers to Beogh against you.
Beogh smites you!
* * * LOW HITPOINT WARNING * * *
The adder bites you.
* * * LOW HITPOINT WARNING * * *
The ball python hisses angrily.
You hit the adder but do no damage. The adder bites you.
* * * LOW HITPOINT WARNING * * *
The orc priest mumbles some strange prayers to Beogh against you.
Beogh smites you!
You die...

#.#..## #.#...##
#.#oS..# .#
#.#..#.# .S#
#....#.....#
#.o### #...
##..o#...#.
###S#.# #
########@○.###.#
#...............
#.#.##########.#
#. .. #.#.# ###
.... #.#.# #..
##...
#.#.#######.#
#...#
#.#.......#.#
#.#.#
#.#######.#.#
#...# #.#
#.#.#####...###


You could see an orc priest, an adder, an orc and a ball python.

Vanquished Creatures
  2 adders
  A ribbon worm (D:2)
  3 dart slugs
  2 orcs (D:4)
  7 ball pythons
  3 bats
  6 endoplasms
  4 giant cockroaches
  11 goblins
  5 hobgoblins
  4 jackals (D:1)
  4 kobolds
  4 quokkas
  3 frilled lizards
  4 rats
63 creatures vanquished.

Notes
Turn   | Place    | Note
-------+----------+-------------------------------------------
     0 | D:1      | Malificent the Gnoll Wanderer began the quest for the Orb.
     0 | D:1      | Malificent set off with the following items: a +1 long
                  | sword, a +0 mace, a potion of curing, a +0 leather armour.
     0 | D:1      | Reached XP level 1. HP: 23/23 MP: 1/1
    44 | D:1      | Reached XP level 2. HP: 25/29 MP: 2/2
    82 | D:1      | Found Suirchei's Jewellery Boutique.
   181 | D:1      | Found Xaoru's Antique Weapon Shop.
   773 | D:1      | Found a faded altar of an unknown god.
   777 | D:1      | Got Plato's Elucidation of the Squall
   778 | D:1      | Prayed at the altar of an unknown god.
   778 | D:1      | Became a worshipper of Qazlal Stormbringer
   778 | D:1      | Reached * piety under Qazlal
   791 | D:1      | Reached XP level 3. HP: 32/35 MP: 3/3
   831 | D:1      | Found Wiameir's Jewellery Emporium.
  1024 | D:2      | Reached skill level 1 in Invocations
  1368 | D:2      | Found Litrur's Armour Shop.
  1401 | D:2      | Reached skill level 1 in Short Blades
  1401 | D:2      | Reached skill level 1 in Axes
  1401 | D:2      | Reached skill level 1 in Polearms
  1401 | D:2      | Reached skill level 1 in Staves
  1401 | D:2      | Reached skill level 1 in Ranged Weapons
  1401 | D:2      | Reached skill level 1 in Throwing
  1401 | D:2      | Reached skill level 1 in Dodging
  1401 | D:2      | Reached skill level 1 in Stealth
  1401 | D:2      | Reached skill level 1 in Shields
  1401 | D:2      | Reached skill level 1 in Unarmed Combat
  1401 | D:2      | Reached skill level 1 in Spellcasting
  1696 | D:2      | Reached skill level 1 in Shapeshifting
  1696 | D:2      | Reached XP level 4. HP: 41/41 MP: 5/5
  1700 | D:2      | Gained mutation: You possess an exceptional clarity of
                  | mind. [potion of mutation]
  1700 | D:2      | Gained mutation: Armour fits poorly on your strangely
                  | shaped body. [potion of mutation]
  1977 | D:3      | Reached skill level 1 in Conjurations
  1977 | D:3      | Reached skill level 1 in Hexes
  1977 | D:3      | Reached skill level 1 in Summonings
  1977 | D:3      | Reached skill level 1 in Necromancy
  1977 | D:3      | Reached skill level 1 in Translocations
  1977 | D:3      | Reached skill level 1 in Fire Magic
  1977 | D:3      | Reached skill level 1 in Ice Magic
  1977 | D:3      | Reached skill level 1 in Air Magic
  1977 | D:3      | Reached skill level 1 in Earth Magic
  1977 | D:3      | Reached skill level 1 in Alchemy
  1983 | D:3      | Reached ** piety under Qazlal
  2079 | D:3      | Found Jomet's Weapon Shop.
  2982 | D:4      | Killed from afar by an orc priest

Illustrated notes

Levels and vault maps discovered:
D:1:      dpeg_arrival_houses_and_road, layout_rooms,
          shapermc_ecumenical_altar_rom_forum, serial_shops, shop, shop,
          nicolae_diamond_shop, st_stairs_2, chequers_avenue
D:2:      layout_basic, serial_shops, shop
D:3:      layout_loops_cross, serial_shops, nicolae_shop_stone
D:4:      layout_loops_ring

Skill      XL: |  1  2  3  4 |
---------------+-------------+-----
Invocations    | 1 |  1.4
Short Blades   | 1 |  1.2
Axes           | 1 |  1.2
Polearms       | 1 |  1.2
Staves         | 1 |  1.2
Ranged Weapons | 1 |  1.2
Throwing       | 1 |  1.2
Dodging        | 1 |  1.2
Stealth        | 1 |  1.2
Shields        | 1 |  1.2
Unarmed Combat | 1 |  1.2
Spellcasting   | 1 |  1.2
Shapeshifting  | 1 |  1.1
Conjurations   | 1 |  1.0
Hexes          | 1 |  1.0
Summonings     | 1 |  1.0
Necromancy     | 1 |  1.0
Translocations | 1 |  1.0
Fire Magic     | 1 |  1.0
Ice Magic      | 1 |  1.0
Air Magic      | 1 |  1.0
Earth Magic    | 1 |  1.0
Alchemy        | 1 |  1.0
Fighting       | |  6.6
Long Blades    | |  8.6
Maces & Flails | |  2.8
Armour         | |  2.8
Evocations     | |  2.8

Action                     |  1- 3 |  4- 6 || total
---------------------------+-------+-------++-------
  Melee: Long sword        |    99 |    47 ||   146
         Bite              |    11 |     4 ||    15
         Short sword       |     9 |       ||     9
    Use: Scroll            |       |     7 ||     7
         Potion            |       |     1 ||     1
 Armour: Leather armour    |    77 |    33 ||   110
  Dodge: Dodged            |    57 |    18 ||    75
  Block: Other             |     2 |     7 ||     9

Table legend: (Time is in decaauts)
 A = Elapsed time spent in this place.
 B = Non-inter-level travel time spent in this place.
 C = Inter-level travel time spent in this place.
 D = Time resting spent in this place.
 E = Time spent auto-exploring this place.
 F = Levels seen in this place.
 G = Mean time per level.
                   A        B        C        D        E       F      G
               +--------+--------+--------+--------+--------+-----+--------+
         Total |   2975 |   2924 |     51 |    988 |   1360 |   4 |  743.8 |
       Dungeon |   2975 |   2924 |     51 |    988 |   1360 |   4 |  743.8 |
               +--------+--------+--------+--------+--------+-----+--------+

Top non-repeatable levels by time:
     D:1: 981 daAuts
     D:3: 943 daAuts
     D:2: 896 daAuts
     D:4: 153 daAuts
